Map: Prion Terraces

Players

TingPuff

  • Race: Terran Terran
  • League: Gold

Grumm - Winner!

  • Race: Zerg Zerg
  • League: Gold

VOD

Have the link to the VOD?

Description

Time

  • Played on: Feb. 20, 2016, 2:50 a.m.
  • Length: 17:50
Show
View Real Time Build Order
Export as new Build Order

TingPuff Terran 

Build Orders:  

Get SALT Encoding   

  12  0:01  SCV  
  13  0:13  SCV  
  14  0:19  Supply Depot  
  14  0:26  Refinery  
  14  0:30  SCV  
  15  0:45  Barracks  
  15  0:48  SCV  
  16  1:01  SCV  
  17  1:13  SCV  
  17  1:14  Barracks  
  18  1:26  SCV  
  18  1:32  Refinery  
  19  1:35  Reaper  
  20  1:44  Orbital Command  
  20  2:06  Factory  
  20  2:12  Supply Depot, Reaper  
  21  2:19  SCV  
  23  2:33  SCV  
  23  2:45  SCV  
  22  2:59  SCV  
  22  3:01  Factory  
  22  3:03  Hellion  
  25  3:12  Command Center, SCV  
  26  3:24  Widow Mine  
  28  3:29  SCV  
  29  3:35  Starport  
  29  3:44  Factory Reactor  
  29  3:49  SCV  
  30  4:02  Supply Depot  
  30  4:10  SCV  
  30  4:12  Barracks Tech Lab  
  30  4:13  Starport Tech Lab  
  30  4:16  Barracks Reactor  
  31  4:20  Supply Depot  
  31  4:24  Hellion x2  
  37  4:25  Widow Mine  
  37  4:31  Orbital Command  
  37  4:34  Supply Depot  
  37  4:39  Banshee  
  37  4:42  Marine  
  41  4:54  SCV  
  42  5:07  Orbital Command, SCV  
  42  5:09  Marine x2  
  42  5:10  Marine  
  42  5:13  Hellion  
  48  5:14  Hellion  
  46  5:29  SCV  
  44  5:45  Widow Mine  
  44  5:49  Marine  
  44  5:50  Marine x2  
  44  5:53  SCV x2  
  49  6:00  Hellion  
  49  6:01  Hellion  
  49  6:04  Supply Depot  
  53  6:05  SCV x2  
  53  6:10  Supply Depot  
  55  6:14  Banshee  
  55  6:18  Marine x2  
  61  6:32  SCV  
  61  6:33  SCV  
  61  6:34  Marine  
  62  6:46  Marine x2  
  59  6:52  Marine  
  59  6:53  Supply Depot  
  60  6:57  Hellion x2  
  60  6:59  Medivac  
  60  7:00  Armory  
  66  7:02  Factory Tech Lab  
  66  7:03  Marine, SCV  
  66  7:04  SCV  
  69  7:16  Engineering Bay  
  69  7:24  Barracks x2  
  69  7:25  Command Center, Supply Depot  
  69  7:28  SCV  
  69  7:29  Marine x3, SCV  
  74  7:32  Liberator  
  74  7:40  Stimpack  
  74  7:42  SCV x2  
  76  7:44  Supply Depot  
  76  7:47  Marine x3  
  82  7:52  Terran Infantry Weapons Level 1  
  82  7:56  Missile Turret  
  82  8:00  Supply Depot  
  82  8:02  SCV x2  
  82  8:04  Marine  
  82  8:05  Marine x2  
  87  8:13  Barracks  
  87  8:16  Hellion  
  87  8:17  Hellion  
  91  8:22  Marine  
  91  8:23  Marine x4  
  84  8:36  Hellion  
  84  8:38  Hellion  
  84  8:40  Marine  
  84  8:41  Marine x4  
  74  8:57  Orbital Command  
  74  8:58  Marine x2  
  74  8:59  Marine x3  
  79  9:07  Barracks Reactor  
  79  9:16  Marine x2  
  82  9:17  Marauder  
  82  9:19  Refinery  
  82  9:20  Barracks Tech Lab  
  82  9:21  Barracks Reactor  
  83  9:31  SCV x2  
  85  9:33  Marine, SCV  
  85  9:34  Marine  
  88  9:39  Marauder  
  88  9:43  SCV  
  91  9:45  Infernal Pre-Igniter  
  91  9:46  Starport Reactor, Marine  
  91  9:47  Marine x2, Barracks  
  91  9:50  SCV x2  
  91  9:51  Marine  
  91  9:52  Marine  
  98  9:55  SCV  
  98  9:59  Marine, Hellion  
  101  10:01  Hellion  
  101  10:03  Hellion  
  101  10:04  Marine x2  
  101  10:06  Marauder  
  110  10:09  Marine  
  107  10:16  Marine  
  107  10:17  Marine x3  
  93  10:22  Marine x2  
  93  10:26  Marine  
  93  10:27  Marine  
  94  10:34  Marine x3  
  94  10:35  Marine  
  94  10:40  Marine x2  
  96  10:44  Marine  
  96  10:45  Marine  
  96  10:46  Hellion x2  
  96  10:47  Hellion  
  96  10:49  Barracks  
  104  10:52  Marine x3  
  104  10:53  Marine  
  108  10:57  Marine  
  108  10:58  Marine x2  
  108  11:02  Marine  
  108  11:03  Marine  
  93  11:07  Hellion  
  93  11:10  Marine x3  
  93  11:11  Marine  
  90  11:12  Missile Turret  
  90  11:14  Medivac  
  90  11:15  Medivac, Marine  
  93  11:35  Liberator x2  
  93  11:42  Hellion x2  
  93  11:43  Combat Shields  
  93  11:44  Command Center, Concussive Shells  
  97  11:47  Barracks Reactor  
  97  11:49  Missile Turret  
  97  11:51  Starport  
  103  11:58  Marine x5  
  103  11:59  Marine x3  
  103  12:00  Marine  
  112  12:06  Refinery  
  109  12:15  Marine  
  109  12:20  Marine x5  
  109  12:21  Marine x2  
  115  12:23  Liberator  
  115  12:27  Marine x3  
  118  12:32  Widow Mine  
  118  12:33  Widow Mine x2  
  124  12:37  Marine x2  
  124  12:38  Marine  
  127  13:00  Marine x4  
  127  13:01  Marine  
  127  13:02  Hellion x2  
  107  13:06  Marine x4  
  107  13:07  Marine x2  
  96  13:18  Marine x4  
  100  13:20  Planetary Fortress  
  100  13:26  Marine x3  
  103  13:30  Marine x3  
  106  13:37  Marine x4  
  110  13:45  Marine x4  
  110  13:48  Marine, Hellbat  
  117  13:53  Medivac  
  117  13:54  Medivac  
  121  13:59  Marine x3  
  121  14:00  Marine  
  125  14:03  Marine x2  
  125  14:04  Marine  
  125  14:08  Marine x3  
  130  14:19  Marine x5  
  130  14:21  Marine x3  
  129  14:30  Marine x3  
  115  14:35  Liberator x3  
  115  14:37  Marine x2  
  81  14:46  Marine  
  81  14:47  Marine x3  
  89  14:54  Marine  
  89  14:55  Marine x3  
  93  15:01  Widow Mine  
  93  15:02  Widow Mine  
  93  15:04  Marine x2  
  99  15:24  Terran Infantry Weapons Level 2  
  99  15:29  Engineering Bay  
  99  15:30  Orbital Command, Supply Depot  
  99  15:38  Terran Vehicle And Ship Armor Level 1  
  99  15:40  Starport Reactor  
  99  15:45  Marine x3  
  99  15:46  Marine x8  
  99  15:48  Supply Depot  
  110  16:15  Marine x5  
  110  16:16  Marine x4  
  119  16:18  SCV  
  119  16:19  SCV  
  119  16:22  Marine  
  119  16:23  Marine  
  123  16:33  Marine x3  
  123  16:34  Marine x4  
  123  16:35  Marine x2  
  132  16:46  Marine x2  
  134  16:51  Marine x3  
  134  16:52  Marine x3  
  135  16:58  Marine x3  
  99  17:03  Marine  
  99  17:04  Marine  
  82  17:08  Marine  
  82  17:09  Marine x2  
  82  17:10  Marine x3  
  85  17:16  Marine x3  
  85  17:21  Marine  
  85  17:22  Marine  
  84  17:26  Marine x3  
  84  17:27  Marine  
  84  17:28  Marine x2  
Show
View Real Time Build Order
Export as new Build Order

Grumm Zerg - Winner!

Build Orders: Hatch First 

Get SALT Encoding   

  12  0:28  Hatchery  
  11  0:33  Drone  
  12  0:36  Drone  
  12  0:41  Drone  
  14  0:47  Extractor  
  13  0:51  Extractor  
  13  0:52  Drone  
  13  0:55  Drone  
  16  1:13  Spawning Pool  
  16  1:17  Overlord  
  15  1:53  Drone  
  16  2:02  Spine Crawler  
  16  2:07  Spine Crawler  
  14  2:10  Spine Crawler  
  14  2:11  Zergling x12  
  19  2:19  Queen  
  21  2:42  Drone  
  21  2:43  Drone x3  
  25  3:07  Extractor  
  25  3:08  Drone  
  25  3:09  Drone x3  
  25  3:12  Overlord x2  
  28  3:29  Hatchery, Queen  
  28  3:58  Drone  
  28  3:59  Drone x5  
  34  4:07  Extractor  
  34  4:09  Extractor  
  32  4:13  Drone x2  
  34  4:22  Drone  
  35  4:24  Drone  
  36  4:40  Roach Warren  
  36  4:41  Drone  
  36  4:42  Drone x6  
  42  4:47  Hatchery  
  41  4:56  Queen  
  43  5:00  Overlord  
  43  5:01  Overlord  
  43  5:05  Queen x2  
  47  5:13  Spore Crawler  
  46  5:18  Spore Crawler  
  45  5:41  Lair  
  40  5:51  Drone x13  
  53  6:09  Roach  
  53  6:10  Roach x4  
  63  6:15  Metabolic Boost  
  63  6:35  Zergling x2  
  63  6:36  Zergling x16  
  70  6:52  Roach  
  70  6:53  Overlord x3  
  70  6:54  Overlord  
  72  7:11  Glial Reconstitution  
  72  7:12  Extractor  
  72  7:13  Overseer  
  71  7:18  Spore Crawler  
  71  7:20  Zergling x26  
  83  7:43  Extractor  
  83  7:44  Overlord x4  
  82  7:51  Infestation Pit  
  81  7:55  Spire  
  81  7:57  Spine Crawler  
  79  8:01  Drone x5, Spine Crawler  
  79  8:02  Drone x2  
  85  8:07  Pneumatized Carapace  
  85  8:11  Roach  
  85  8:12  Roach x8  
  103  8:26  Roach  
  93  8:27  Roach x7  
  83  9:05  Overlord x3  
  83  9:12  Hydralisk Den, Hive  
  83  9:24  Drone x3  
  83  9:25  Extractor  
  84  9:35  Evolution Chamber  
  84  9:36  Evolution Chamber  
  82  9:38  Mutalisk  
  82  9:39  Evolution Chamber, Mutalisk x5  
  82  9:41  Zergling x2  
  82  9:42  Zergling x10  
  99  10:08  Spine Crawler  
  66  10:30  Mutalisk x5  
  68  10:38  Zergling x26  
  68  10:39  Zergling x2  
  82  10:46  Zerg Melee Weapons Level 1, Zerg Missile Weapons Level 1  
  78  11:09  Drone x5  
  78  11:10  Drone x7  
  90  11:15  Muscular Augments  
  89  11:30  Extractor  
  89  11:31  Overseer  
  89  11:32  Overseer, Extractor  
  87  11:35  Zerg Ground Armor Level 1  
  87  11:36  Zerg Flyer Weapons Level 1  
  87  11:42  Ultralisk Cavern  
  86  11:57  Zergling x24  
  86  11:58  Zergling x28  
  83  12:24  Hydralisk x13  
  83  12:25  Hydralisk x3  
  115  12:30  Roach  
  117  12:40  Spine Crawler  
  117  12:42  Spore Crawler  
  115  12:46  Ultralisk x2  
  81  13:16  Ultralisk x3  
  99  13:20  Zergling x24  
  111  13:28  Chitinous Plating  
  111  13:50  Hatchery  
  98  14:31  Hydralisk x11  
  102  14:54  Drone x3  
  102  14:55  Drone x6  
  102  14:58  Drone x2  
  102  14:59  Drone x2  
  115  15:09  Queen  
  117  15:16  Extractor  
  117  15:20  Drone x5  
  121  15:35  Roach x4  
  129  15:36  Roach x2  
  129  15:38  Overlord  
  133  16:05  Roach x8  
  149  16:17  Drone  
  150  16:21  Overlord x2  
  150  16:40  Drone  
  150  16:41  Drone x3  
  150  16:42  Extractor  
  150  16:44  Drone x3  
  128  17:16  Hatchery  
  128  17:20  Roach  
  128  17:21  Roach x14  
  157  17:28  Hatchery  
Tags
 
Add a new tag
Caveats
  • Supply blocks, unpowered buildings, or Contaminate may cause inaccurate times.
  • Supply counts are checked every 10 seconds.